 Dungeon Crawl Stone Soup version 0.19.1 (webtiles) character file.

73 Gargoyl the Skirmisher (level 4, 0/40 HPs)
             Began as a Draconian Abyssal Knight on Dec 5, 2016.
             Was a Follower of Lugonu.
             Slain by Natasha (5 damage)
             ... on level 2 of the Dungeon on Dec 6, 2016.
             The game lasted 00:05:17 (2247 turns).

Gargoyl the Skirmisher (Draconian Abyssal Knight)   Turns: 2247, Time: 00:05:18

Health: 0/40       AC:  5    Str: 15    XL:     4   Next: 8%
Magic:  5/5        EV: 12    Int: 13    God:    Lugonu [*.....]
Gold:   143        SH:  0    Dex: 10    Spells: 0 memorised, 3 levels left

rFire  . . .     SeeInvis .     a - +1 hand axe
rCold  + . .     Gourm    .     (armour unavailable)
rNeg   . . .     Faith    .     (no shield)
rPois  .         Spirit   .     (helmet restricted)
rElec  .         Reflect  .     (no cloak)
rCorr  .         Harm     .     (no gloves)
MR     .....                    (no boots)
Stlth  ++........               (no amulet)
                                l - ring of protection from cold
                                c - ring of stealth

@: no status effects
A: unfitting armour, cold-blooded, AC +5
a: Depart the Abyss, Renounce Religion


You were on level 2 of the Dungeon.
You worshipped Lugonu.
Lugonu was aware of your devotion.
You were not hungry.

You visited 1 branch of the dungeon, and saw 2 of its levels.
You visited the Abyss 1 time.

You collected 143 gold pieces.

Inventory:

Hand Weapons
 a - a +1 hand axe (weapon)
Missiles
 j - 4 tomahawks (quivered)
Jewellery
 c - a ring of stealth (left hand)
 l - a ring of protection from cold (right hand)
 n - an uncursed ring of magical power
 o - a +3 ring of dexterity {unknown}
Scrolls
 e - 2 scrolls of identify
 f - a scroll of enchant armour {unknown}
 g - a scroll of fear {unknown}
 i - a scroll of blinking {unknown}
 k - a scroll of enchant weapon {unknown}
Potions
 h - a potion of mutation {unknown}
 m - a potion of agility {unknown}
 p - a potion of might {unknown}
 r - a potion of degeneration {unknown}
Comestibles
 b - a bread ration
 d - 3 meat rations
 q - a chunk of flesh


   Skills:
 * Level 4.1 Fighting
 + Level 2.8 Axes
 * Level 2.8 Dodging
 + Level 0.4 Stealth
 + Level 2.1 Invocations


You had 3 spell levels left.
You didn't know any spells.

Dungeon Overview and Level Annotations

Branches:
Dungeon (2/15)

Altars:
Kikubaaqudgha

Annotations:
D:2 Natasha


Innate Abilities, Weirdness & Mutations

Your plain brown scales are hard. (AC +5)
You cannot fit into any form of body armour.
You are cold-blooded and may be slowed by cold attacks.


Message History

A magic dart appears from out of thin air!
The magic dart hits you! The worm completely misses you.
Unknown command.
You barely miss something. You hit the worm. Something claws you.
The worm barely misses you.
Unknown command.
You closely miss something. You hit the worm. Something claws you.
The worm closely misses you.
Unknown command.
You slash the worm!
The worm is almost dead.
You barely miss something. Something claws you!
* * * LOW HITPOINT WARNING * * *
Something claws you but does no damage.
Unknown command.
You hit the worm.
You kill the worm!
Lugonu accepts your kill.
You hit something. Something claws you.
You die...

#.....# #...#.# ###.....# .
#####.. #.......## .. #####
#........####... # #....
#........#.......##.#....
##.......>................
#.........................
#....####†#.....####.#.#.#
#....# #@# ....# #.#...#
#....# #{# #### ..###+#
#....# #5....... .##.....
####....#######..... #......
#.......##...# .... #......
#.####.....#.# ..... #......
#...##..#..#.##.......#......
###.##........#..... ........
#...##...)........ #.......


You could see a shadow imp.

Vanquished Creatures
  An adder (D:2)
  A gnoll (D:1)
  2 worms (D:2)
  2 dart slugs
  A ball python (D:2)
  3 bats
  3 giant cockroaches
  8 goblins
  5 hobgoblins
  A quokka (D:2)
  A frilled lizard (D:1)
  7 kobolds
  8 rats
43 creatures vanquished.

Notes
Turn   | Place    | Note
-------+----------+-------------------------------------------
     0 | Abyss:1  | Gargoyl the Draconian Abyssal Knight began the quest for the Orb.
     0 | Abyss:1  | Reached XP level 1. HP: 19/19 MP: 2/2
    20 | Abyss:1  | Found a corrupted altar of Lugonu.
   129 | Abyss:2  | Noticed a quasit
   148 | Abyss:2  | Noticed a rakshasa
   149 | D:1      | Escaped the Abyss
   633 | D:1      | Reached XP level 2. HP: 26/26 MP: 3/3
   896 | D:1      | Reached XP level 3. HP: 19/33 MP: 4/4
   907 | D:1      | Reached skill level 4 in Fighting
   917 | D:1      | Reached * piety under Lugonu
  1988 | D:2      | Found an ancient bone altar of Kikubaaqudgha.
  2228 | D:2      | Noticed Natasha
  2239 | D:2      | Reached XP level 4. HP: 40/40 MP: 5/5
  2247 | D:2      | Slain by Natasha

Skill      XL: |  1  2  3 |
---------------+----------+-----
Fighting       | 4 |  4.1
Axes           | |  2.8
Dodging        | |  2.8
Stealth        | |  0.4
Invocations    | |  2.1

Action                   |  1- 3 |  4- 6 || total
-------------------------+-------+-------++-------
Melee: Hand axe          |   115 |     8 ||   123
       Tailslap          |     9 |     1 ||    10
Invok: Depart the Abyss  |     1 |       ||     1
  Use: Scroll            |     2 |       ||     2
 Stab: Sleeping          |     3 |       ||     3
  Eat: Chunk             |     4 |       ||     4
Armor: Skin              |    41 |     1 ||    42
Dodge: Dodged            |    78 |     5 ||    83
